 Dungeon Crawl Stone Soup version 0.31-a0-1237-gabc64e778c (webtiles) character file.

Game seed: 4958486442820590811

31 gr3g the Trooper (level 3, -3/21 HPs)
             Began as a Felid Wanderer on Dec 15, 2023.
             Was a Believer of Cheibriados.
             Slain by Terence
             ... wielding a +0 hand axe
              (7 damage)
             ... on level 2 of the Dungeon.
             The game lasted 00:06:17 (808 turns).

gr3g the Trooper (Felid Wanderer)                    Turns: 808, Time: 00:06:18

Health: -3/21      AC:  1    Str: 15    XL:     3   Next: 7%
Magic:  0/4        EV: 16    Int: 17    God:    Cheibriados [**....]
Gold:   68         SH:  0    Dex: 20    Spells: 1/2 levels left
                                        Lives:  0   Deaths: 1

rFire   . .          .
                       - Unarmed
rCold   . . .        (shield unavailable)
rNeg    . . .        (body armour unavailable)
rPois   +            (helmet unavailable)
rElec   .            (cloak unavailable)
rCorr   .            (gloves unavailable)
SInv    +            (boots unavailable)
Will    .....        h - amulet of guardian spirit
Stlth   +++          k - ring of poison resistance
HPRegen 0.23/turn    (no ring)
MPRegen 0.09/turn

%: guardian spirit
@: very slow
A: very small, claws 1, fangs 3, see invisible, shaggy fur 1, stealthy paws, no
weapons or thrown items, no armour, multi-lived
a: Renounce Religion, Bend Time


You were on level 2 of the Dungeon.
You worshipped Cheibriados.
Cheibriados was pleased with you.
You visited 1 branch of the dungeon, and saw 2 of its levels.

You collected 68 gold pieces.

Inventory:

Hand Weapons
 f - a +2 dagger of holy wrath
Jewellery
 h - an amulet of guardian spirit (around neck)
 k - a ring of poison resistance (left paw)
Scrolls
 a - a scroll of blinking
 b - 3 scrolls of fear
 c - 3 scrolls of teleportation
 d - a scroll of fog
 e - 2 scrolls of identify {unknown}
Potions
 g - a potion of curing {unknown}
 i - a potion of cancellation {unknown}
 j - 2 potions of lignification {unknown}


   Skills:
 + Level 4.6 Fighting
 + Level 1.3 Dodging
 + Level 2.8 Stealth
 + Level 2.2 Unarmed Combat
 + Level 2.3 Evocations


You had one spell level left.
You knew the following spells:

 Your Spells              Type           Power      Damage    Failure   Level
a - Summon Small Mammal   Summ           0%         N/A       24%         1

Your spell library contained the following spells:

 Spells                   Type           Power      Damage    Failure   Level
 Call Canine Familiar     Summ           0%         N/A       56%         3
 Summon Guardian Golem    Hex/Summ       0%         N/A       56%         3


Dungeon Overview and Level Annotations

Branches:
Dungeon (2/15)

Altars:
Cheibriados

Annotations:
D:2 Terence


Innate Abilities, Weirdness & Mutations

You have sharp claws.
You have razor-sharp teeth.
You have supernaturally acute eyesight. (SInv)
You are covered in fur. (AC +1)
Your paws help you pounce on unaware monsters.
You are incapable of wielding weapons or throwing items.
You cannot wear armour.
You gain extra lives every three experience levels.


Message History

There is a stone staircase leading down here.
You closely miss the frilled lizard.
The frilled lizard hisses angrily.
Your bite misses the frilled lizard. The frilled lizard closely misses you.
You scratch the frilled lizard but do no damage.
The frilled lizard closely misses you.
You scratch the frilled lizard.
You kill the frilled lizard!
Cheibriados appreciates the change of pace.
There is a stone staircase leading down here.
Found a bubbling orange potion.
j - a bubbling orange potion
j - 2 bubbling orange potions (gained 1)
Found a clear potion.
Found a stone staircase leading up.
Found an ivory ring.
Found a stone staircase leading down.
k - a ring of poison resistance
k - a ring of poison resistance (left paw)
Found a ring mail.
Found a stone staircase leading up.
A rat comes into view.
The helpless rat fails to defend itself.
You mangle the rat!!
You kill the rat!
Cheibriados appreciates the change of pace.
Found 7 gold pieces.
You now have 68 gold pieces (gained 7).
Terence the Incautious comes into view.
He is wielding a +0 hand axe and wearing a +2 scale mail of fire resistance.
Terence shouts!
Terence hits you with a +0 hand axe. x2
You barely miss Terence. Terence misses you.
You barely miss Terence. Terence hits you with a +0 hand axe.
You scratch Terence but do no damage. Terence hits you with a +0 hand axe!
* * * LOW HITPOINT WARNING * * *
You scratch Terence.
Terence is moderately wounded.
Terence hits you with a +0 hand axe!
You die...
Terence says, "That felt goooood."

..>#...# ###.#...#.
...#...# ...#
.......... ...#...#
#..# ###.#...#.
...#...# #..#
#.#..... ...+ ..#
#.# #..# # #.....
...# .# #.# #..#
#.#..... ...# #.#
#..# ......!.. ...#
#.# #@.# ##.###...
'#.# #.# #@.#
......... .#.##
##.# #..# ##.#####.
.#..#####..# #..#
..... ...........#
#..# #.###.
.#.######..#####..#
#.
..................#
##
.#.######...####.##
.#.# #...## #.##
.#.# #....###..


You could see Terence.

Vanquished Creatures
  5 ball pythons
  3 bats
  3 endoplasms (D:1)
  2 giant cockroaches (D:1)
  2 goblins (D:1)
  2 hobgoblins
  A quokka (D:1)
  3 frilled lizards
  4 kobolds (D:2)
  3 rats (D:2)
28 creatures vanquished.

Notes
Turn   | Place    | Note
-------+----------+-------------------------------------------
     0 | D:1      | gr3g the Felid Wanderer began the quest for the Orb.
     0 | D:1      | gr3g set off with the following items: a scroll of
                  | blinking, a scroll of fear, a scroll of teleportation, a
                  | scroll of fog.
     0 | D:1      | Reached XP level 1. HP: 13/13 MP: 2/2
    67 | D:1      | Constricted to death by a ball python
    85 | D:1      | Reached XP level 2. HP: 6/18 MP: 3/3
   174 | D:1      | Found a faded altar of an unknown god.
   179 | D:1      | Prayed at the altar of an unknown god.
   179 | D:1      | Became a worshipper of Cheibriados the Contemplative
   179 | D:1      | Reached * piety under Cheibriados
   507 | D:2      | Learned a level 1 spell: Summon Small Mammal
   523 | D:2      | Reached skill level 1 in Dodging
   598 | D:2      | Reached ** piety under Cheibriados
   599 | D:2      | Reached XP level 3. HP: 18/21 MP: 2/4
   799 | D:2      | Noticed Terence
   808 | D:2      | Slain by Terence

Illustrated notes

Levels and vault maps discovered:
D:1:      psy_arrival_spokes, layout_basic,
          hellmonk_ecumenical_altar_heavens_door
D:2:      layout_basic, uniq_terence

Skill      XL: |  1  2 |
---------------+-------+-----
Dodging        | 1 |  1.3
Fighting       | |  4.6
Stealth        | |  2.8
Unarmed Combat | |  2.2
Evocations     | |  2.3

Action                     || total
---------------------------++-------
  Melee: Unarmed           ||    80
         Punch             ||     3
         Bite              ||     4
   Cast: Summon Small Mamm ||     1
   Stab: Sleeping          ||     5
 Armour: Skin              ||    41
  Dodge: Dodged            ||    61

Table legend: (Time is in decaauts)
 A = Elapsed time spent in this place.
 B = Non-inter-level travel time spent in this place.
 C = Inter-level travel time spent in this place.
 D = Time resting spent in this place.
 E = Time spent auto-exploring this place.
 F = Levels seen in this place.
 G = Mean time per level.
                   A        B        C        D        E       F      G
               +--------+--------+--------+--------+--------+-----+--------+
         Total |   1042 |    267 |    775 |      0 |      0 |   2 |  521.0 |
       Dungeon |   1042 |    267 |    775 |      0 |      0 |   2 |  521.0 |
               +--------+--------+--------+--------+--------+-----+--------+

Top non-repeatable levels by time:
     D:2: 617 daAuts
     D:1: 424 daAuts
